 Dungeon Crawl Stone Soup version 0.14-a0-426-gb52781e (webtiles) character file.

205 PolkaDot the Sneak (level 4, -1/30 HPs)
             Began as a Vampire Enchanter on Oct 28, 2013.
             Slain by a gnoll
             ... wielding a +0,+2 spear
              (9 damage)
             ... on Level 5 of the Dungeon.
             The game lasted 00:08:36 (2267 turns).

PolkaDot the Sneak (Vampire Enchanter)              Turns: 2267, Time: 00:08:36

HP  -1/30        AC  3     Str 12      XL: 4   Next: 88%
MP   8/8         EV  9     Int 18      God:
Gold 76          SH  0     Dex 19      Spells:  2 memorised,  2 levels left

Res.Fire  : + . .   See Invis. : +   p - +2,+1 orc short sword (elec) (curse)
Res.Cold  : . . .   Warding    : .   b - +1 robe (curse)
Life Prot.: + + .   Conserve   : .   (no shield)
Res.Poison: +       Res.Corr.  : .   l - +0 cap (curse)
Res.Elec. : .       Clarity    : .   (no cloak)
Sust.Abil.: . .     Spirit.Shd : .   (no gloves)
Res.Mut.  : .       Stasis     : .   (no boots)
Res.Rott. : +       Flight     : .   (no amulet)
Saprovore : . . .                    o - ring of flight
                                     y - cursed ring of fire

@: regenerating slowly, mighty, agile, very slightly contaminated, held, hasted,
very quick, slightly resistant to hostile enchantments, very stealthy
A: fangs 3, see invisible, unbreathing
a: Bat Form, Evoke Flight


You were on level 5 of the Dungeon.
You were thirsty.

You visited 1 branch of the dungeon, and saw 5 of its levels.

You collected 152 gold pieces.
You spent 96 gold pieces at shops.

Inventory:

Hand weapons
 p - a cursed +2,+1 orcish short sword of electrocution (weapon)
Missiles
 d - 12 darts (quivered)
Armour
 b - a cursed +1 robe (worn)
 l - a cursed +0 cap (worn)
Magical devices
 v - a wand of digging (11)
Scrolls
 g - 4 scrolls of remove curse {unknown}
 j - 6 scrolls of identify {unknown}
 k - 3 scrolls of enchant weapon II {unknown}
 q - 2 scrolls of fear {unknown}
 r - 2 scrolls of enchant armour {unknown}
 t - 3 scrolls of teleportation {unknown}
Jewellery
 o - a ring of flight (right hand)
 y - a cursed ring of fire (left hand)
Potions
 C - a potion of mutation
Books
 c - a book of Maledictions

   Spells                             Type                      Level
   *Corona                            Hexes                        1
   Sure Blade                         Hexes/Charms                 2
   Ensorcelled Hibernation            Hexes/Ice                    2
   *Confuse                           Hexes                        3
   Enslavement                        Hexes                        4
   Invisibility                       Hexes                        6


   Skills:
 - Level 3.1 Short Blades
 - Level 0.7 Throwing
 - Level 2.1 Dodging
 * Level 5.4 Stealth
 + Level 1.5 Spellcasting
 + Level 5.3 Hexes


You had 2 spell levels left.
You knew the following spells:

 Your Spells              Type           Power        Failure   Level  Hunger
a - Corona                Hex            ###....      1%          1    ##.....
c - Confuse               Hex            ###.....     10%         3    ####...


Dungeon Overview and Level Annotations

Branches:
Dungeon (5/27)
 Temple: D:4-7

Altars:
Cheibriados
Xom

Shops:
D:4 !


Innate Abilities, Weirdness & Mutations

You heal slowly.
You have razor-sharp teeth.*
You have supernaturally acute eyesight.
You can survive without breathing.*


Message History

Okay, then.
The gnoll throws a throwing net.
The throwing net hits you!
You become entangled in the net!
* * * LOW HITPOINT WARNING * * *
You see here a throwing net.
Drink which item? (? for menu, Esc to quit)
You feel better. The gnoll barely misses you.
Drink which item? (? for menu, Esc to quit)
You feel yourself speed up.
It was a potion of speed.
The gnoll barely misses you.
You are very lightly contaminated with residual magic.
Drink which item? (? for menu, Esc to quit)
You feel refreshed.
It was a potion of restore abilities.
The gnoll hits you but does no damage.
Drink which item? (? for menu, Esc to quit)
You feel more agile all of a sudden.
It was a potion of agility.
You struggle against the net.
The gnoll hits you from afar with a spear!
You die...

#.#.####.#
#.........#
#.......#.#
#.....#<#
##...)..#######.
#.....#g.....>..
......$.g#g#######.
........#.#
#########@##
#.#.########.
#.###[.........
###.# ##.#####..#
..# ##......# ###.#
##.#####....
#.###.## #.#.##
#<##


You could see 2 gnolls.

Vanquished Creatures
  2 gnolls (D:5)
  3 adders
  A giant mite (D:4)
  An inept item mimic (D:3)
  A worm (D:3)
  2 giant geckos
  An orc (D:3)
  A ball python (D:3)
  A giant cockroach (D:3)
  8 goblins
  9 hobgoblins
  4 kobolds
  7 bats
  7 giant newts
  10 jackals
  11 rats
69 creatures vanquished.

Notes
Turn   | Place    | Note
--------------------------------------------------------------
     0 | D:1      | PolkaDot, the Vampire Enchanter, began the quest for the Orb.
     0 | D:1      | Reached XP level 1. HP: 13/13 MP: 4/4
   184 | D:1      | Reached XP level 2. HP: 19/19 MP: 5/5
   742 | D:1      | Reached XP level 3. HP: 21/24 MP: 6/6
   823 | D:2      | Learned a level 3 spell: Confuse
  1392 | D:2      | Reached skill level 5 in Hexes
  1533 | D:3      | Paralysed by a potion of paralysis for 2 turns
  1566 | D:3      | Reached XP level 4. HP: 18/30 MP: 8/8
  1608 | D:3      | Found a shimmering altar of Xom.
  1611 | D:3      | Found a snail-covered altar of Cheibriados.
  2154 | D:4      | Found Ofeumn's Distillery.
  2159 | D:4      | Reached skill level 5 in Stealth
  2206 | D:4      | Bought a potion of slowing for 12 gold pieces
  2206 | D:4      | Bought a potion of degeneration for 24 gold pieces
  2206 | D:4      | Bought a potion of mutation for 36 gold pieces
  2206 | D:4      | Bought a potion of curing for 24 gold pieces
  2235 | D:5      | Entered Level 5 of the Dungeon
  2267 | D:5      | Slain by a gnoll

Action                   |  1- 3 |  4- 6 || total
-------------------------+-------+-------++-------
Melee: Dagger            |    58 |       ||    58
       Short sword       |    58 |    50 ||   108
Evoke: Wand              |       |     1 ||     1
  Use: Scroll            |       |     8 ||     8
       Potion            |       |     6 ||     6
 Stab: Sleeping          |    11 |     7 ||    18
